 Dungeon Crawl Stone Soup version 0.30-a0-1016-gfb0d676c02 (webtiles) character file.

Game seed: 2372202753508628820

3528 senseless the Fighter (level 9, -9/90 HPs)
             Began as a Minotaur Fighter on Apr 6, 2023.
             Was a Follower of Okawaru.
             Mangled by a death yak (20 damage)
             ... on level 7 of the Dungeon.
             The game lasted 00:18:49 (5837 turns).

senseless the Fighter (Minotaur Fighter)            Turns: 5837, Time: 00:18:49

Health: -9/90      AC: 14    Str: 24    XL:     9   Next: 82%
Magic:  8/8        EV:  8    Int:  5    God:    Okawaru [*.....]
Gold:   400        SH:  6    Dex: 11    Spells: 8/8 levels left

rFire   + + .      SeeInvis .    a - +2 war axe (heavy)
rCold   + . .      Faith    .    c - +0 buckler
rNeg    . . .      Spirit   .    x - +0 chain mail
rPois   .          Reflect  .    (helmet restricted)
rElec   .          Rampage  .    q - +2 cloak
rCorr   .                        (no gloves)
Will    .....                    (no boots) Stlth
                                 (no amulet)
HPRegen 1.15/turn                e - ring of protection from cold
MPRegen 0.11/turn                l - ring of protection from fire

@: mighty
A: horns 2, retaliatory headbutt, fire resistance 1, regeneration 1, robust 1
a: Renounce Religion, Heroism


You were on level 7 of the Dungeon.
You worshipped Okawaru.
Okawaru was aware of your devotion.
You visited 1 branch of the dungeon, and saw 8 of its levels.

You collected 444 gold pieces.
You spent 44 gold pieces at shops.

Inventory:

Hand Weapons
 a - a +2 heavy war axe (weapon)
 b - a +0 sling
Armour
 c - a +0 buckler (worn)
 q - a +2 cloak (worn)
 x - a +0 chain mail (worn)
Jewellery
 e - a ring of protection from cold (left hand)
 l - a ring of protection from fire (right hand)
 s - a ring of positive energy
 A - a ring of protection from cold
Wands
 n - a wand of flame (27)
 v - a wand of polymorph (5)
 y - a wand of acid (7)
Scrolls
 h - a scroll of blinking
 j - a scroll of magic mapping
 m - 4 scrolls of teleportation
Potions
 d - 2 potions of might
 f - 2 potions of brilliance
 g - 4 potions of curing
 i - 2 potions of attraction
 o - a potion of invisibility {unknown}
 p - a potion of flight
 r - a potion of magic
 t - 3 potions of lignification
 u - a potion of mutation
 z - a potion of heal wounds {unknown}


   Skills:
 + Level 8.8 Fighting
 + Level 8.3 Axes
 + Level 4.9 Ranged Weapons
 + Level 8.8 Armour
 + Level 8.7 Shields


You had 8 spell levels left.
You didn't know any spells.
Your spell library contained the following spells:

 Spells                   Type           Power      Damage    Failure   Level
 Dazzling Flash           Conj/Hex       0%         N/A       100%        3
 Inner Flame              Hex/Fire       0%         N/A       100%        3
 Flame Wave               Conj/Fire      0%         2d4       100%        4
 Sticky Flame             Conj/Fire      0%         2d3       100%        4
 Agony                    Necr           0%         N/A       100%        5
 Silence                  Hex/Air        0%         N/A       100%        5
 Chain Lightning          Conj/Air       0%         N/A       100%        9
 Fire Storm               Conj/Fire      0%         5d1       100%        9
 Shatter                  Erth           0%         3d5*      100%        9


Dungeon Overview and Level Annotations

Branches:
Dungeon (8/15)             Temple (0/1) D:7
   Lair: D:8-11

Altars:
Gozag
Kikubaaqudgha
Okawaru
Ru
Trog
Uskayaw
Wu Jian
Yredelemnul

Shops:
D:1 ?

Annotations:
D:7 2 transporters, askman's ghost, novice DsMo


Innate Abilities, Weirdness & Mutations

You have a pair of horns on your head.
You reflexively headbutt those who attack you in melee.
Your flesh is heat resistant. (rF+)
Your natural rate of healing is unusually fast.
You are robust. (+10% HP)


Message History

You block the river rat's attack. The quokka barely misses you.
You climb upwards.
Level annotation: 2 transporters, askman's ghost, novice DsMo
There is a stone staircase leading down here.
Things that are here:
+0 swamp dragon scales; 2 throwing nets You hit the quokka.
The quokka is almost dead.
You barely miss the quokka. You hit the river rat. x2
You closely miss the wight. You slice the death yak!! The quokka bites you.
The death yak gores you!! The river rat barely misses you.
The wight closely misses you.
The river rat bites you but does no damage.
The quokka bites you. You block the quokka's attack.
The river rat bites you but does no damage.
The wight hits you but does no damage. The death yak gores you!
* * * LOW HITPOINT WARNING * * *
The river rat bites you.
* * * LOW HITPOINT WARNING * * *
The quokka barely misses you.
You feel very mighty all of a sudden. The quokka bites you.
* * * LOW HITPOINT WARNING * * *
The river rat bites you but does no damage. x2
The death yak gores you!
* * * LOW HITPOINT WARNING * * *
The quokka barely misses you.
The wight hits you with a +5 long sword.
* * * LOW HITPOINT WARNING * * *
You block the quokka's attack.
Unknown command.
You slice the quokka!!
You kill the quokka!
Okawaru accepts your kill.
You hit the river rat. You barely miss the wight. You slice the death yak!!
You slice the quokka!!
You kill the quokka!
Okawaru accepts your kill.
You closely miss the river rat. The death yak gores you!!
You die...

#..#F##...##.#..##).#####.....
####..#KF.......#..###..#.......#
......##8O$.$.8##..# ##.......###
.......#########...# ##....#####
...........©.......# #..#......
..............[...## ##.#......
............######## #.##.....
..........### ##Y†.# #..#.....
........### ##z@r.# ##.##....
.......### ##...r.# #..##...
.........####..[...# ##8.....
..#...##..#........# #......
...#.#..#.........## #####.....
#..#....#.........# #...°.###.
.##....#..........# #._.°.'.#.
....>............## #...§.###.
.#.)..##.........# ########.....


You could see a death yak, a wight and 2 river rats.

Vanquished Creatures
  A death yak (D:7)
  Maggie (D:7)
  A wraith (D:7)
  A human (D:7)
  A wyvern (D:7)
  3 ice beasts (D:6)
  A sky beast (D:5)
  3 black bears
  An ogre (D:4)
  2 centaurs (D:6)
  A phantom (D:7)
  A kobold brigand (D:7)
  A bullfrog (D:7)
  4 scorpions
  5 wights (D:6)
  A howler monkey (D:6)
  6 hounds
  A human zombie (D:7)
  3 orc priests
  2 sleepcaps (D:5)
  3 iguanas (D:6)
  2 orc wizards
  4 adders
  A river rat (D:7)
  A shadow imp (D:6)
  3 white imps
  4 worms
  5 dart slugs
  12 orcs
  5 bats
  10 endoplasms
  2 giant cockroaches (D:1)
  5 goblins
  10 hobgoblins
  4 jackals (D:4)
  10 kobolds
  4 quokkas
  7 ball pythons
  3 frilled lizards
  2 jackal zombies (D:7)
  11 rats
148 creatures vanquished.

Notes
Turn   | Place    | Note
-------+----------+-------------------------------------------
     0 | D:1      | senseless the Minotaur Fighter began the quest for the Orb.
     0 | D:1      | Reached XP level 1. HP: 19/19 MP: 0/0
    66 | D:1      | Reached XP level 2. HP: 27/27 MP: 1/1
   522 | D:1      | Reached XP level 3. HP: 33/33 MP: 2/2
   658 | D:1      | Found The Oracle's Delphic Readings.
   670 | D:1      | Bought a scroll of identify for 22 gold pieces
   670 | D:1      | Bought a scroll of identify for 22 gold pieces
  1134 | D:2      | Found a faded altar of an unknown god.
  1528 | D:3      | Found an ornate altar of the Wu Jian Council.
  1531 | D:3      | Found a hide-covered altar of Uskayaw.
  1654 | D:3      | Reached XP level 4. HP: 37/41 MP: 3/3
  1804 | D:3      | You fall into a shaft and drop 1 floor!
  2682 | D:4      | Noticed an ogre
  2690 | D:4      | Killed an ogre
  2691 | D:4      | Reached skill level 5 in Fighting
  2691 | D:4      | Reached XP level 5. HP: 17/48 MP: 4/4
  2849 | D:4      | Gained mutation: You are dopey. (Int -2) [potion of
                  | mutation]
  2849 | D:4      | Gained mutation: Your natural rate of healing is unusually
                  | fast. [potion of mutation]
  2849 | D:4      | Lost mutation: Your natural rate of healing is unusually
                  | fast. [potion of mutation]
  2850 | D:4      | Lost mutation: You are dopey. (Int -2) [potion of mutation]
  2850 | D:4      | Gained mutation: Your flesh is heat resistant. (rF+)
                  | [potion of mutation]
  2850 | D:4      | Gained mutation: Your natural rate of healing is unusually
                  | fast. [potion of mutation]
  2850 | D:4      | Gained mutation: You are robust. (+10% HP) [potion of
                  | mutation]
  2948 | D:4      | Reached skill level 5 in Armour
  2949 | D:4      | Reached skill level 5 in Shields
  2950 | D:4      | Reached XP level 6. HP: 61/61 MP: 5/5
  3098 | D:5      | Entered Level 5 of the Dungeon
  3111 | D:5      | Reached skill level 5 in Axes
  3115 | D:5      | Reached XP level 7. HP: 42/68 MP: 6/6
  3281 | D:5      | Found an opulent altar of Gozag.
  3391 | D:5      | Identified the +0 leather armour of Eternal Night {rN+
                  | Regen+ Dex+2}
  3530 | D:5      | Found a sacrificial altar of Ru.
  3994 | D:5      | Found a bloodstained altar of Trog.
  3994 | D:5      | Found an ancient bone altar of Kikubaaqudgha.
  4148 | D:6      | Reached XP level 8. HP: 78/78 MP: 7/7
  4293 | D:6      | Reached skill level 1 in Ranged Weapons
  4777 | D:6      | Found an iron altar of Okawaru.
  4787 | D:6      | Became a worshipper of Warmaster Okawaru
  4882 | D:7      | Found a transporter.
  4887 | D:7      | Noticed askman's ghost (novice DsMo)
  4890 | D:7      | Noticed a two-headed ogre
  4927 | D:7      | Found a runed translucent door.
  4930 | D:7      | Found a basalt altar of Yredelemnul.
  4991 | D:7      | Found a staircase to the Ecumenical Temple.
  5003 | D:7      | Reached XP level 9. HP: 81/88 MP: 8/8
  5074 | D:7      | Noticed Maggie
  5085 | D:7      | Killed Maggie
  5085 | D:7      | Reached * piety under Okawaru
  5127 | D:7      | Found a transporter.
  5818 | D:8      | Noticed a death yak
  5822 | D:8      | Noticed a death yak
  5825 | D:8      | Noticed a death yak
  5829 | D:7      | Killed a death yak
  5837 | D:7      | Mangled by a death yak

Illustrated notes

Levels and vault maps discovered:
D:1:      dpeg_arrival_ratfight, layout_basic, corner_web_ring,
          minmay_misc_feat_nine_boxes, nicolae_nh_oracle_at_delphi
D:2:      layout_basic, hellmonk_ecumenical_altar_inner_sanctum, minivault_14
D:3:      layout_loops_ring, chequers_temple_overflow_statue_of_worship
D:4:      layout_basic
D:5:      layout_loops_ring, nicolae_gozag_seed_capital,
          gammafunk_temple_overflow_statue, kennysheep_mini
D:6:      layout_loops_ring, okawaru_altar_gauntlet_db
D:7:      layout_cave_pods, dk_yredelemnul_ordeal,
          minmay_temple_entry_mini_moons, gammafunk_ghost_arena, uniq_maggie
D:8:      layout_basic, grunt_temple_overflow_lords_of_destruction,
          dpeg_lair_monsters, enter_bailey_2

Skill      XL: |  1  2  3  4  5  6  7  8  9 |
---------------+----------------------------+-----
Fighting       | 4 5 6 7 8 |  8.8
Shields        | 4 5 6 7 8 |  8.7
Axes           | 3 4 5 6 7 8 |  8.3
Armour         | 4 5 6 7 8 |  8.8
Ranged Weapons | 3 4 |  4.9

Action                     |  1- 3 |  4- 6 |  7- 9 || total
---------------------------+-------+-------+-------++-------
  Melee: War axe           |    78 |    70 |   150 ||   298
         Headbutt          |    10 |     6 |    16 ||    32
   Fire: Sling             |    23 |    45 |   100 ||   168
    Use: Scroll            |       |    14 |     3 ||    17
         Potion            |       |     2 |     1 ||     3
 Armour: Scale mail        |    44 |       |       ||    44
         Chain mail        |       |    53 |   132 ||   185
  Dodge: Dodged            |    47 |    38 |    70 ||   155
  Block: Buckler           |    14 |    19 |    47 ||    80

Table legend: (Time is in decaauts)
 A = Elapsed time spent in this place.
 B = Non-inter-level travel time spent in this place.
 C = Inter-level travel time spent in this place.
 D = Time resting spent in this place.
 E = Time spent auto-exploring this place.
 F = Levels seen in this place.
 G = Mean time per level.
                   A        B        C        D        E       F      G
               +--------+--------+--------+--------+--------+-----+--------+
         Total |   6092 |   5647 |    445 |    115 |   4207 |   8 |  761.5 |
       Dungeon |   6092 |   5647 |    445 |    115 |   4207 |   8 |  761.5 |
               +--------+--------+--------+--------+--------+-----+--------+

Top non-repeatable levels by time:
     D:7: 1057 daAuts
     D:1: 933 daAuts
     D:5: 886 daAuts
     D:6: 866 daAuts
     D:3: 842 daAuts
     D:4: 768 daAuts
     D:2: 725 daAuts
     D:8: 13 daAuts
